 Dungeon Crawl Stone Soup version 0.26.1-16-g4e020e15dc (webtiles) character file.

Game seed: 12393613060978597871

61 Mickster the Cudgeller (level 4, -23/29 HPs)
             Began as a Gargoyle Berserker on Feb 28, 2023.
             Annihilated by a polar bear (25 damage)
             ... created by the rage of Trog
             ... on level 2 of the Dungeon.
             The game lasted 00:08:35 (881 turns).

Mickster the Cudgeller (Gargoyle Berserker)          Turns: 881, Time: 00:08:36

Health: -23/29     AC:  6    Str: 22    XL:     4   Next: 7%
Magic:  5/5        EV: 12    Int:  7    God:
Gold:   21         SH:  0    Dex:  9    Spells: 5/5 levels left

rFire    . . .     SeeInvis .   a - +0 mace
rCold    . . .     Faith    .   (no shield)
rNeg     + . .     Spirit   .   b - +0 animal skin
rPois    ∞         Reflect  .   (no helmet)
rElec    +         Harm     .   (no cloak)
rCorr    .         Rampage  .   (no gloves)
Will     .....                  d - +0 pair of boots
Stlth    +.........             (no amulet)
HPRegen  0.09/turn              (no ring)
MPRegen  0.09/turn              (no ring)

@: confused
A: negative energy resistance 1, electricity resistance, unbreathing,
petrification resistance, miasma immunity, AC +3
a: no special abilities


You were on level 2 of the Dungeon.
You visited 1 branch of the dungeon, and saw 2 of its levels.

You collected 21 gold pieces.

Inventory:

Hand Weapons
 a - a +0 mace (weapon)
 c - a +0 short sword
Missiles
 f - 8 stones
 h - 25 sling bullets
 i - 4 boomerangs
Armour
 b - a +0 animal skin (worn)
 d - a +0 pair of boots (worn)
Scrolls
 g - a scroll of immolation {unknown}
 j - a scroll of amnesia
Potions
 e - a potion of experience


   Skills:
 + Level 4.0 Fighting
 + Level 1.0(1.2) Short Blades
 + Level 1.0(1.2) Long Blades
 + Level 1.0(2.8) Axes
 + Level 4.4(4.6) Maces & Flails
 + Level 1.0(1.4) Polearms
 + Level 1.1(3.1) Staves
 + Level 1.0(1.2) Slings
 + Level 1.1 Bows
 + Level 1.1 Crossbows
 + Level 1.0(1.2) Throwing
 + Level 2.9 Armour
 + Level 2.0 Dodging
 + Level 2.0 Stealth
 + Level 1.2 Shields
 + Level 1.9 Unarmed Combat
 + Level 1.0 Spellcasting
 + Level 1.2 Conjurations
 + Level 1.0 Hexes
 + Level 1.0 Summonings
 + Level 1.4 Necromancy
 + Level 1.0 Translocations
 + Level 0.9 Transmutations
 + Level 1.1 Fire Magic
 + Level 1.1 Ice Magic
 + Level 0.9 Air Magic
 + Level 1.4 Earth Magic
 + Level 1.1 Poison Magic
 + Level 1.2 Invocations
 + Level 1.0 Evocations


You had 5 spell levels left.
You didn't know any spells.
Your spell library was empty.

Dungeon Overview and Level Annotations

Branches:
Dungeon (2/15)

Altars:


Innate Abilities, Weirdness & Mutations

You are resistant to torment.
Your stone body is resilient. (AC +3)
You are immune to poison.
You resist negative energy. (rN+)
You are resistant to electric shocks. (rElec)
You can survive without breathing.
You are immune to petrification.
You are immune to miasma.


Message History

j - a scroll of amnesia You now have 21 gold pieces (gained 11).
You open the door. Trog sends monsters to punish you.
The divine experience confuses you!
You are confused. 3 polar bears and 2 black bears come into view.
You closely miss the black bear. The polar bear closely misses you.
The polar bear claws you but does no damage.
The polar bear closely misses you.
The black bear bites you but does no damage.
The black bear closely misses you. The black bear barely misses you.
The polar bear bites you!!
Ouch! That really hurt!
* * * LOW HITPOINT WARNING * * *
The polar bear claws you.
* * * LOW HITPOINT WARNING * * *
The polar bear claws you but does no damage.
The polar bear bites you!!
Ouch! That really hurt!
You die...

# #.....###.##+######
# #.................#
####.................#
....................#
##
#..............##....
.####.............# #
.'...........h.>..#
.#####+#####...h.h#
..... #....@h# ###...
####h### ... #.# ..
#.# . ... #.# #.# ...


You could see 3 polar bears and 2 black bears.

Vanquished Creatures
  A worker ant zombie (D:2)
  2 oozes
  A leopard gecko (D:1)
  A giant cockroach (D:1)
  2 hobgoblins (D:1)
  3 frilled lizards (D:1)
  5 kobolds (D:1)
  A rat (D:1)
16 creatures vanquished.

Notes
Turn   | Place    | Note
-------+----------+-------------------------------------------
     0 | D:1      | Mickster the Gargoyle Berserker began the quest for the
                  | Orb.
     0 | D:1      | Reached XP level 1. HP: 14/14 MP: 1/1
   130 | D:1      | Reached XP level 2. HP: 14/19 MP: 2/2
   453 | D:1      | Fell from the grace of Trog
   453 | D:1      | Reached skill level 1 in Short Blades
   453 | D:1      | Reached skill level 1 in Long Blades
   453 | D:1      | Reached skill level 1 in Axes
   453 | D:1      | Reached skill level 1 in Polearms
   453 | D:1      | Reached skill level 1 in Staves
   453 | D:1      | Reached skill level 1 in Slings
   453 | D:1      | Reached skill level 1 in Bows
   453 | D:1      | Reached skill level 1 in Crossbows
   453 | D:1      | Reached skill level 1 in Throwing
   453 | D:1      | Reached skill level 1 in Shields
   453 | D:1      | Reached skill level 1 in Unarmed Combat
   453 | D:1      | Reached skill level 1 in Spellcasting
   453 | D:1      | Reached skill level 1 in Conjurations
   453 | D:1      | Reached skill level 1 in Hexes
   453 | D:1      | Reached skill level 1 in Summonings
   453 | D:1      | Reached skill level 1 in Necromancy
   453 | D:1      | Reached skill level 1 in Translocations
   453 | D:1      | Reached skill level 1 in Fire Magic
   453 | D:1      | Reached skill level 1 in Ice Magic
   453 | D:1      | Reached skill level 1 in Earth Magic
   453 | D:1      | Reached skill level 1 in Poison Magic
   453 | D:1      | Reached skill level 1 in Invocations
   453 | D:1      | Reached skill level 1 in Evocations
   454 | D:1      | Reached XP level 3. HP: 15/24 MP: 2/4
   815 | D:2      | Reached XP level 4. HP: 27/29 MP: 5/5
   880 | D:2      | Noticed a black bear
   880 | D:2      | Noticed a polar bear
   880 | D:2      | Noticed a polar bear
   880 | D:2      | Noticed a polar bear
   880 | D:2      | Noticed a black bear
   881 | D:2      | Annihilated by a polar bear

Illustrated notes

Levels and vault maps discovered:
D:1:      lightli_arrival_isolated_outpost, layout_basic
D:2:      layout_basic, nicolae_ru_the_path_less_chosen

Skill      XL: |  1  2 |
---------------+-------+-----
Fighting       | 4 |  4.0
Short Blades   | 1 |  1.0
Long Blades    | 1 |  1.0
Axes           | 1 |  1.0
Maces & Flails | 4 |  4.4
Polearms       | 1 |  1.0
Staves         | 1 |  1.1
Slings         | 1 |  1.0
Bows           | 1 |  1.1
Crossbows      | 1 |  1.1
Throwing       | 1 |  1.0
Dodging        | 2 |  2.0
Stealth        | 2 |  2.0
Shields        | 1 |  1.2
Unarmed Combat | 1 |  1.9
Spellcasting   | 1 |  1.0
Conjurations   | 1 |  1.2
Hexes          | 1 |  1.0
Summonings     | 1 |  1.0
Necromancy     | 1 |  1.4
Translocations | 1 |  1.0
Fire Magic     | 1 |  1.1
Ice Magic      | 1 |  1.1
Earth Magic    | 1 |  1.4
Poison Magic   | 1 |  1.1
Invocations    | 1 |  1.2
Evocations     | 1 |  1.0
Armour         | |  2.9
Transmutations | |  0.9
Air Magic      | |  0.9

Action                   |  1- 3 |  4- 6 || total
-------------------------+-------+-------++-------
Melee: Mace              |    62 |     1 ||    63
  Use: Scroll            |     1 |       ||     1
       Potion            |     4 |       ||     4
Armor: Animal skin       |    26 |     3 ||    29
Dodge: Dodged            |    38 |     4 ||    42
